 Dungeon Crawl Stone Soup version 0.29.1-13-g9f3cf754e1 (webtiles) character file.

Game seed: 2722047267750510545

640870 sankara the Impregnable (level 27, 0/269 HPs)
             Began as a Minotaur Fighter on Jan 21, 2023.
             Was an Initiate of Gozag.
             Killed from afar by a black draconian knight (56 damage)
             ... with a bolt of lightning
             ... led by a black draconian knight
             ... on level 4 of the Depths on Jan 31, 2023.
             The game lasted 04:33:02 (59103 turns).

sankara the Impregnable (Minotaur Fighter)         Turns: 59103, Time: 04:33:05

Health: 0/269      AC: 44    Str: 25    XL:     27
Magic:  38/45      EV: 26    Int: 12    God:    Gozag
Gold:   9706       SH:  6    Dex: 20    Spells: 11/46 levels left

rFire   + . .      SeeInvis +   a - +9 broad axe (freeze)
rCold   + + +      Faith    .   n - +0 buckler {rF+}
rNeg    + + .      Spirit   .   A - +10 pearl dragon scales
rPois   +          Reflect  .   U - +0 hat
rElec   .          Harm     .   e - +0 cloak of the Haunted Cricket {rC+++ Regen+ Dex+4 Stlth+}
rCorr   +          Rampage  +   s - +0 pair of gloves of Goles {Regen+ Int-2 Dex+4}
Will    ++++.                   u - +2 pair of boots
Stlth   ++++......              w - amulet "Goschayna" {Rampage Regen+ Int+3}
HPRegen 2.94/turn               C - ring of the Sparrow {rN+ rCorr SInv}
MPRegen 0.29/turn               F - ring "Vineryki" {rPois MP+9 Dex-2 Slay+5 Stlth+}

@: death channelling
A: horns 2, retaliatory headbutt, hooves 1, iridescent scales 2, strong-willed
2, sense surroundings 1, subdued magic 1, MP-powered wands
}: 4/15 runes: barnacled, silver, abyssal, gossamer
a: Renounce Religion, Potion Petition, Call Merchant, Bribe Branch


You were on level 4 of the Depths.
You worshipped Gozag.
Gozag was greatly pleased with you.
You visited 13 branches of the dungeon, and saw 50 of its levels.
You visited the Abyss 4 times.
You visited 1 bazaar.
You also visited: Ossuary, Bailey, Gauntlet, Ice Cave and Wizlab.

You collected 33384 gold pieces.
You spent 5162 gold pieces at shops.
You paid 18516 gold pieces to Gozag.

Inventory:

Hand Weapons
 a - a +9 broad axe of freezing (weapon)
Missiles
 j - 23 javelins
 p - 14 silver javelins
 q - 50 poisoned darts (quivered)
 y - 5 silver boomerangs
 B - 2 atropa-tipped darts
 H - 4 curare-tipped darts
 P - 23 boomerangs
 R - 4 boomerangs of dispersal
 S - 6 throwing nets
Armour
 e - the +0 cloak of the Haunted Cricket (worn) {rC+++ Regen+ Dex+4 Stlth+}
   (You found it in a Gauntlet)

   Dex:       It affects your dexterity (+4).
   rC:        It renders you almost immune to cold.
   Regen:     It increases your rate of health regeneration.
   Stlth:     It makes you more stealthy.
 n - a +0 buckler of fire resistance (worn)
 s - the +0 pair of gloves of Goles (worn) {Regen+ Int-2 Dex+4}
   (You found it on level 3 of the Shoals)

   Int:       It affects your intelligence (-2).
   Dex:       It affects your dexterity (+4).
   Regen:     It increases your rate of health regeneration.
 u - a +2 pair of boots (worn)
 A - +10 pearl dragon scales (worn)
 U - a +0 hat (worn)
Jewellery
 r - the ring "Tyjofip" {rElec EV+4 Str+8 Dex+2 Stlth+}
   (You bought it in a shop on level 1 of the Lair of Beasts)

   [ring of evasion]

   EV:        It affects your evasion (+4).
   Str:       It affects your strength (+8).
   Dex:       It affects your dexterity (+2).
   rElec:     It insulates you from electricity.
   Stlth:     It makes you more stealthy.
 t - a ring of flight
 w - the amulet "Goschayna" (around neck) {Rampage Regen+ Int+3}
   (You bought it in a shop on level 1 of the Lair of Beasts)

   [amulet of regeneration]

   Int:       It affects your intelligence (+3).
   Regen:     It increases your rate of health regeneration.
   Rampage:   It bestows one free step when moving towards enemies.
 C - the ring of the Sparrow (left hand) {rN+ rCorr SInv}
   (You found it on level 3 of the Crypt)

   [ring of positive energy]

   rN:        It protects you from negative energy.
   SInv:      It lets you see invisible.
   rCorr:     It protects you from acid and corrosion.
 F - the ring "Vineryki" (right hand) {rPois MP+9 Dex-2 Slay+5 Stlth+}
   (You bought it in a shop on level 1 of the Lair of Beasts)

   [ring of magical power]

   Dex:       It affects your dexterity (-2).
   Slay:      It affects your accuracy & damage with ranged weapons and melee
   (+5).
   rPois:     It protects you from poison.
   MP:        It affects your magic capacity (+9).
   Stlth:     It makes you more stealthy.
Wands
 g - a wand of quicksilver (13)
 L - a wand of roots (26)
 M - a wand of mindburst (36)
 Q - a wand of digging (29)
 V - a wand of charming (44)
Scrolls
 h - 10 scrolls of blinking
 i - 17 scrolls of poison
 k - 11 scrolls of butterflies
 l - 31 scrolls of teleportation
 o - 4 scrolls of summoning
 G - a scroll of amnesia
 J - 5 scrolls of silence
 K - 7 scrolls of fear
 T - 10 scrolls of magic mapping
Potions
 c - 14 potions of lignification
 d - 9 potions of might
 f - 28 potions of curing
 x - 9 potions of flight
 E - 15 potions of heal wounds
 I - 8 potions of haste
 N - 6 potions of resistance
 O - 9 potions of cancellation
 W - 5 potions of invisibility
Miscellaneous
 X - a phantom mirror
 Y - a condenser vane
 Z - a piece from Xom's chessboard (15/15)


   Skills:
 - Level 26.0 Fighting
 - Level 18.0 Axes
 - Level 16.0 Throwing
 - Level 26.0 Armour
 + Level 24.2 Dodging
 - Level 8.0 Stealth
 - Level 5.0 Shields
 - Level 10.0 Spellcasting
 - Level 17.0 Necromancy
 - Level 5.0 Translocations
 - Level 8.0 Earth Magic
 - Level 5.0 Evocations


You had 11 spell levels left.
You knew the following spells:

 Your Spells              Type           Power      Damage    Failure   Level
a - Manifold Assault      Tloc           13%        N/A       61%         5
b - Blink                 Tloc           26%        N/A       3%          2
c - Borgnjor's Vile Clut  Necr/Erth      13%        N/A       3%          5
d - Death Channel         Necr           18%        N/A       2%          6
e - Sublimation of Blood  Necr           36%        N/A       0%          2
f - Dispel Undead         Necr           36%        3d15      1%          4
g - Apportation           Tloc           26%        N/A       2%          1
h - Passwall              Tmut/Erth      10%        N/A       5%          2
i - Borgnjor's Revivific  Necr           18%        N/A       80%         8

Your spell library contained the following spells:

 Spells                   Type           Power      Damage    Failure   Level
 Necrotise                Necr           100%       1d9       0%          1
 Sandblast                Erth           38%        2d10      1%          1
 Vampiric Draining        Necr           36%        2d8       1%          3
 Agony                    Necr           36%        N/A       1%          5
 Anguish                  Hex/Necr       10%        N/A       6%          4
 Lesser Beckoning         Tloc           13%        N/A       8%          3
 Stone Arrow              Conj/Erth      24%        3d8       12%         3
 Beastly Appendage        Tmut           8%         N/A       21%         1
 Foxfire                  Conj/Fire      16%        2x1d4     21%         1
 Magic Dart               Conj           16%        1d3       21%         1
 Shock                    Conj/Air       16%        1d4       21%         1
 Slow                     Hex            16%        N/A       21%         1
 Sting                    Tmut/Pois      16%        1d3       21%         1
 Lee's Rapid Deconstruct  Erth           9%         3d8*      22%         5
 Passage of Golubria      Tloc           13%        N/A       26%         4
 Call Imp                 Summ           4%         N/A       32%         2
 Ensorcelled Hibernation  Hex/Ice        8%         N/A       32%         2
 Poisonous Vapours        Pois/Air       8%         N/A       32%         2
 Searing Ray              Conj           8%         2d4       32%         2
 Static Discharge         Conj/Air       4%         3-4/arc   32%         2
 Wereblood                Tmut           4%         N/A       32%         2
 Animate Armour           Summ/Erth      24%        N/A       38%         4
 Leda's Liquefaction      Hex/Erth       6%         N/A       38%         4
 Petrify                  Tmut/Erth      12%        N/A       38%         4
 Conjure Flame            Conj/Fire      4%         6-21      54%         3
 Dazzling Flash           Conj/Hex       8%         N/A       54%         3
 Ignite Poison            Fire/Tmut/Pois 4%         N/A       54%         3
 Inner Flame              Hex/Fire       4%         N/A       54%         3
 Mephitic Cloud           Conj/Pois/Air  4%         N/A       54%         3
 Ozocubu's Armour         Ice            4%         N/A       54%         3
 Spider Form              Tmut/Pois      4%         N/A       54%         3
 Swiftness                Air            4%         N/A       54%         3
 Tukima's Dance           Hex            4%         N/A       54%         3
 Iskenderun's Mystic Bla  Conj/Tloc      9%         2d4       61%         4
 Cause Fear               Hex            2%         N/A       92%         4
 Flame Wave               Conj/Fire      4%         2d5       92%         4
 Fulminant Prism          Conj/Hex       2%         3d6       92%         4
 Hailstorm                Conj/Ice       4%         3d4       92%         4
 Ice Form                 Ice/Tmut       4%         N/A       92%         4
 Olgreb's Toxic Radiance  Pois           4%         N/A       92%         4
 Alistair's Intoxication  Tmut/Pois      2%         N/A       99%         5
 Blade Hands              Tmut           2%         N/A       99%         5
 Freezing Cloud           Conj/Ice/Air   2%         6-21      99%         5
 Irradiate                Conj/Tmut      2%         3d12      99%         5
 Lightning Bolt           Conj/Air       2%         1d13      99%         5
 Metabolic Englaciation   Hex/Ice        2%         N/A       99%         5
 Silence                  Hex/Air        2%         N/A       99%         5
 Yara's Violent Unravell  Hex/Tmut       2%         3d3       99%         5
 Dispersal                Tloc           6%         N/A       99%         6
 Haunt                    Necr/Summ      10%        N/A       99%         7
 Iron Shot                Conj/Erth      6%         9d2       100%        6
 Statue Form              Tmut/Erth      8%         N/A       100%        6
 Dragon Form              Tmut           2%         N/A       100%        7
 Enfeeble                 Hex            2%         N/A       100%        7
 Malign Gateway           Summ/Tloc      4%         N/A       100%        7
 Storm Form               Tmut/Air       2%         N/A       100%        7
 Ignition                 Fire           2%         3d3       100%        8
 Lehudib's Crystal Spear  Conj/Erth      6%         10d3      100%        8
 Maxwell's Capacitive Co  Air            2%         ∞         100%        8
 Necromutation            Tmut/Necr      10%        N/A       100%        8
 Summon Horrible Things   Summ           2%         N/A       100%        8
 Death's Door             Necr           18%        N/A       100%        9
 Dragon's Call            Summ           2%         N/A       100%        9
 Fire Storm               Conj/Fire      2%         8d1       100%        9
 Polar Vortex             Ice            2%         N/A       100%        9
 Animate Dead             Necr           Unusable   N/A       N/A         4
 Corpse Rot               Necr/Pois/Air  Unusable   N/A       N/A         4
 Simulacrum               Ice/Necr       Unusable   N/A       N/A         6

Dungeon Overview and Level Annotations

Branches:
Dungeon (15/15)            Temple (1/1) D:7            Lair (5/5) D:10
 Shoals (4/4) Lair:3       Spider (4/4) Lair:2        Slime (0/5) Lair:5
    Orc (2/2) D:10            Elf (3/3) Orc:2        Vaults (5/5) D:14
  Crypt (3/3) Vaults:2       Tomb (0/3) Crypt:3      Depths (4/4) D:15
   Hell (visited)             Dis (0/7) Hell            Geh (0/7) Hell
    Coc (2/7) Hell            Tar (0/7) Hell            Zot (1/5) Depths:4
Ossuary (visited)          Bailey (visited)           IceCv (visited)
 WizLab (visited)         Gauntlet (visited)

Altars:
Ashenzari
Cheibriados
Dithmenos
Elyvilon
Fedhas
Gozag
Kikubaaqudgha
Makhleb
Nemelex Xobeh
Okawaru
Qazlal
Ru
Sif Muna
Trog
Uskayaw
Vehumet
Wu Jian
Xom
Yredelemnul
Zin
The Shining One

Shops:
D:8 [   D:15 !   Orc:2 *[[?   Elf:2 *   Lair:1 [[([*==*:**   Vaults:1 [
Vaults:3 (   Depths:4 (

Portals:
Hell: Depths:1 Depths:2 Depths:3 Depths:4
Abyss: Lair:2 Depths:1 Depths:3
Pandemonium: Depths:2
Ziggurat: Depths:3

Annotations:
Zot:1 Parghit


Innate Abilities, Weirdness & Mutations

You have a pair of horns on your head.
You reflexively headbutt those who attack you in melee.
You have large cloven feet.
You are mostly covered in iridescent scales. (AC +4)
You are highly strong-willed. (Will++)
You passively map a small area around you.
Your spells are a little easier to cast, but a little less powerful.
You expend magic power (3 MP) to strengthen your wands.


Message History

Unknown command.
You hit the black draconian knight but do no damage.
Your headbutt misses the black draconian knight.
The black draconian knight is lightly wounded.
The black draconian knight completely misses you.
You slash the black draconian knight! You freeze the black draconian knight.
The black draconian knight blocks your attack.
The black draconian knight is lightly wounded.
The black draconian knight hits you but does no damage.
You slice the black draconian knight!!
The black draconian knight seems to slow down.
You freeze the black draconian knight.
The black draconian knight blocks your attack.
The black draconian knight is heavily wounded.
The black draconian knight breathes lightning at you.
The bolt of lightning misses you.
You slash the black draconian knight!
The black draconian knight seems to slow down.
You freeze the black draconian knight.
The black draconian knight blocks your attack.
The black draconian knight is heavily wounded.
You slash the black draconian knight!
The black draconian knight seems to slow down.
You freeze the black draconian knight!
You headbutt the black draconian knight.
The black draconian knight is almost dead.
The black draconian knight hits you but does no damage.
You slash the black draconian knight!
The black draconian knight seems to slow down.
You freeze the black draconian knight.
The black draconian knight is almost dead.
The black draconian knight hits you with a +2 vorpal long sword!
* * * LOW HITPOINT WARNING * * *
x2 You completely miss the black draconian knight.
You headbutt the black draconian knight, but do no damage.
The black draconian knight is almost dead.
The black draconian knight breathes lightning at you.
The bolt of lightning hits you!!!
You die...
Your body crumbles into a pile of gold.

#.....# #...## ##.[.# #. #######
##...###...## #. ### ##...#...##
### #. ###.## ##.)...## ##.### #.
# #.'..## ##...## ##..+)# #.
######.#...## ##'## ##...#.# ##
.......##...###.[)###...##.# #
##..##?###..)#.....#...###.# #
.......# ##..'.q@..'..## #.######
.##...####..)#.....#...###.......
.####.###...###...###...###......
.####.##...## ##'## ##...#.......
.......+..## ##)..## ##..'....}..
####...#.## ##.)[..## ##.####....
+....#.### ##...#...#########....
###..#.# ##...###...##<....#....
###..#.####...## ##...#####.#....


You could see a black draconian knight (fast, slow, catching breath).

Vanquished Creatures
  2 dread liches (Vaults:5)
  5 ancient liches
  Mennas (Vaults:4)
  Sojobo (Depths:3)
  Bai Suzhen (Crypt:2)
  5 shard shrikes (Coc:2)
  Saint Roka (Depths:4)
  Xtahua (Crypt:2)
  Margery (Crypt:3)
  Geryon (Hell)
  Jory (Crypt:1)
  2 bone dragons
  The ghost of Poanarph the Slayer, a veteran GrVM of Kikubaaqudgha (Depths:2)
  4 golden dragons
  2 profane servitors
  2 Tzitzimimeh
  A doom hound (Crypt:2)
  7 tentacled monstrosities
  A Hell Sentinel (Abyss:3)
  Jorgrun (D:13)
  An Ice Fiend (Coc:2)
  2 quicksilver dragons
  Zenata (Vaults:1)
  2 walking divine tomes
  4 deep elf blademasters (Elf:3)
  4 liches
  Asterion (Spider:2)
  An Executioner (Abyss:2)
  3 deep elf master archers (Elf:3)
  8 tentacled starspawn
  5 titans
  4 sphinxes
  9 ancient champions
  Agnes (Spider:3)
  Kirke (D:13)
  9 tengu reavers
  2 storm dragons (Vaults:5)
  4 shadow dragons
  4 revenants
  3 draconian monks
  4 nagarajas (Depths:2)
  4 fire giants
  2 emperor scorpions (Spider:3)
  A caustic shrike zombie (Abyss:4)
  5 orc warlords
  3 iron dragons
  2 cacodemons (Depths:2)
  A draconian scorcher (Depths:4)
  18 vault wardens
  A draconian shifter (Zot:1)
  7 frost giants
  3 deep elf elementalists
  A shard shrike simulacrum (Coc:1)
  9 deep elf sorcerers
  A spectral caustic shrike (WizLab)
  3 balrugs
  A curse skull (Crypt:1)
  A draconian annihilator (Zot:1)
  2 ghost moths
  Louise (Spider:3)
  2 angels
  4 ghouls
  A draconian stormcaller (Zot:1)
  5 broodmothers
  7 reapers
  35 very ugly things
  A war gargoyle (Hell)
  The ghost of pyryhyry the Protected, a journeyman GrGl of Dithmenos (Shoals:4)
  A spriggan defender (Depths:1)
  A caustic shrike skeleton (Crypt:1)
  8 ironbound thunderhulks
  11 stone giants
  20 ironbound preservers
  The ghost of Yolobob the Warrior, a journeyman OgBe of Trog (Lair:2)
  6 deep elf demonologists
  2 spectral hellephants (Crypt:2)
  4 green draconians
  An ophan (Abyss:5)
  The ghost of Ojahapt the Geomancer, a journeyman MeEE of Ashenzari (Spider:2)
  2 lorocyprocas
  2 white draconians
  4 halazid warlocks (WizLab)
  12 deep elf annihilators
  Nessos (Orc:2)
  A spectral titan (WizLab)
  4 dire elephants (Vaults:2)
  4 yellow draconians
  11 vampire knights
  A wendigo (Hell)
  3 purple draconians
  A minotaur (Gauntlet)
  3 spark wasps
  3 eidola
  Snorg (D:13)
  11 entropy weavers
  16 ettins
  9 deep elf death magi
  4 spectral quicksilver dragons
  3 blizzard demons
  3 green deaths
  2 spectral elves (Crypt:2)
  19 jiangshi
  4 merfolk javelineers (Shoals:4)
  2 deep elf high priests (Vaults:5)
  12 merfolk impalers
  13 yaktaur captains
  7 fire dragons
  A fenstrider witch zombie (Hell)
  33 vault guards
  5 great orbs of eyes
  2 spriggan zombies
  5 boulder beetles
  11 ice dragons
  2 caustic shrike simulacra
  3 rakshasas
  A hell beast (Depths:2)
  22 two-headed ogres
  A juggernaut simulacrum (Abyss:4)
  6 merfolk avatars
  A peacekeeper (Vaults:3)
  2 catoblepae
  2 alligator snapping turtles (Shoals:4)
  9 ogre magi
  5 death knights
  3 radroaches
  12 ironbound frosthearts
  3 anacondas (Depths:2)
  40 centaur warriors
  13 hydras
  4 merfolk aquamancers
  7 spriggan air magi
  2 satyrs
  5 death yaks
  9 naga warriors (Depths:2)
  12 deep troll earth magi
  32 dancing weapons
  7 deep troll shamans
  4 orc high priests
  7 tengu warriors
  4 vampire magi
  A titan zombie (Hell)
  25 hell knights
  13 thrashing horrors
  A titan skeleton (Crypt:1)
  8 soul eaters
  Sonja (Orc:2)
  A fire crab (D:14)
  13 sun demons
  A spriggan berserker (Depths:1)
  7 wretched stars
  5 pharaoh ants
  21 deep elf knights
  4 shadow wraiths
  Nergalle (D:11)
  A golden dragon zombie (Crypt:1)
  A fire crab (shapeshifter) (Depths:1)
  A spatial maelstrom (Abyss:3)
  Amaemon (D:9)
  A sun moth (Spider:3)
  5 sixfirhies
  An anaconda zombie (Hell)
  17 sea snakes
  76 deep trolls
  8 iron trolls
  A shadow dragon zombie (Crypt:1)
  21 skeletal warriors
  7 orb spiders
  A deep troll (shapeshifter) (Vaults:5)
  2 quicksilver dragon simulacra (Coc:2)
  2 glowing orange brains
  11 flayed ghosts
  11 deep elf archers
  24 phantasmal warriors
  An orange crystal statue (IceCv)
  7 spectral wolf spiders
  16 wizards
  13 lindwurms
  2 spriggan simulacra
  24 ironbound convokers
  A lindwurm (shapeshifter) (Depths:2)
  6 steelbarb worms
  14 orc knights
  2 bunyip skeletons
  A frost giant zombie (Vaults:2)
  21 necromancers
  18 manticores
  27 deep elf zephyrmancers
  8 wolf spider zombies
  3 oklob plants (Lair:4)
  16 harpies
  A fire giant zombie (Vaults:1)
  3 shining eyes
  A stone giant zombie (Abyss:4)
  8 cyclopes
  59 ugly things
  A mana viper (Abyss:4)
  A will-o-the-wisp (Abyss:2)
  19 wolf spiders
  28 deep elf pyromancers
  A tengu skeleton (Vaults:2)
  4 worldbinders (Abyss:4)
  A spectral spriggan (WizLab)
  16 fauns
  An elf zombie (Vaults:1)
  An elephant (shapeshifter) (Depths:4)
  A naga zombie (Hell)
  18 vault sentinels
  9 elephants (Lair:3)
  A centaur zombie (Crypt:1)
  4 naga magi (Depths:2)
  2 guardian serpents (shapeshifter)
  8 ice statues (Coc:1)
  10 smoke demons
  11 torpor snails
  5 water nymphs
  6 rust devils
  3 black mambas
  2 eyes of devastation (Depths:3)
  5 guardian serpents (Depths:2)
  An orange demon (D:9)
  8 merfolk sirens
  3 titan simulacra
  A storm dragon simulacrum (Coc:2)
  10 cane toads
  An apocalypse crab (Abyss:4)
  4 hellions
  An unseen horror (Abyss:4)
  A yaktaur zombie (Vaults:2)
  3 gargoyles
  A black draconian zombie (Crypt:2)
  2 bunyip simulacra (Coc:1)
  A dire elephant skeleton (Crypt:3)
  16 rime drakes
  A rime drake (shapeshifter) (D:14)
  14 freezing wraiths
  6 tormentors
  16 demonic crawlers
  A yaktaur skeleton (Vaults:1)
  5 komodo dragons
  5 ancient zymes
  An anaconda simulacrum (Coc:2)
  3 efreet
  4 tengu conjurers
  2 ice devils
  44 yaktaurs
  3 hellwings
  9 trolls
  A silent spectre (Abyss:5)
  2 spectral harpies (WizLab)
  A troll (shapeshifter) (D:13)
  A red draconian skeleton (Crypt:2)
  6 harpy zombies
  3 wolf spider simulacra
  A red devil (Depths:2)
  31 merfolk
  11 wind drakes
  29 polar bears
  27 tarantellas
  A hornet (shapeshifter) (Abyss:4)
  2 harpy skeletons
  5 meliai
  14 blink frogs
  2 shadow dragon simulacra
  A satyr zombie (Crypt:2)
  A raiju (shapeshifter) (Elf:3)
  18 large abominations
  14 dream sheep
  27 slime creatures
  An ettin zombie (Abyss:4)
  A hydra skeleton (Abyss:4)
  27 raiju
  7 snapping turtles
  26 jumping spiders
  A stone giant simulacrum (Coc:2)
  70 flying skulls
  A jumping spider (shapeshifter) (D:14)
  An air elemental (Elf:3)
  A centaur simulacrum (D:14)
  19 culicivoras
  A culicivora (shapeshifter) (Vaults:5)
  13 water elementals
  2 dire elephant simulacra (Coc:2)
  2 vampires (D:12)
  A spriggan (Lair:2)
  5 wraiths
  36 yaks
  4 shadows
  7 ynoxinuls
  A spriggan (shapeshifter) (Abyss:2)
  4 wyverns
  2 ettin skeletons
  8 fire elementals
  6 chaos spawn
  A black mamba skeleton (Crypt:1)
  9 neqoxecs
  47 redbacks
  A steam dragon (D:6)
  An alligator snapping turtle simulacrum (Crypt:1)
  3 basilisks
  14 vampire mosquitoes
  An elf skeleton (Vaults:2)
  Menkaure (D:4)
  A faun zombie (Crypt:2)
  7 wargs
  3 spatial vortices (Abyss:3)
  5 harpy simulacra
  A naga (Depths:2)
  20 hell hounds
  Edmund (D:4)
  3 floating eyes
  9 water moccasins
  27 small abominations
  38 orc warriors
  2 naga skeletons (Abyss:4)
  A faun skeleton (Crypt:2)
  14 black bears
  2 ice beasts
  An ettin simulacrum (Abyss:4)
  A merfolk simulacrum (Hell)
  6 boggarts
  40 wolves
  27 ogres
  A boggart (shapeshifter) (Vaults:5)
  7 centaurs
  A swamp dragon skeleton (Crypt:2)
  A phantom (D:4)
  An orc skeleton (Vaults:1)
  2 kobold brigands
  2 gnoll sergeants (D:10)
  9 bullfrogs
  2 earth elementals
  6 necrophages
  3 naga simulacra
  6 scorpions
  5 wights (D:7)
  8 killer bees
  A shapeshifter skeleton (Crypt:2)
  3 howler monkeys
  A polar bear skeleton (Crypt:1)
  A warg skeleton (Crypt:1)
  10 electric eels
  4 crimson imps (D:5)
  A human zombie (Ossuary)
  3 quasits
  59 starcursed masses
  A bullfrog zombie (Crypt:1)
  5 hounds
  4 iron imps
  A jelly (D:7)
  20 orc priests
  2 centaur skeletons
  16 orc wizards
  Ijyb (D:4)
  11 hell rats
  4 iguanas
  A hound zombie (Crypt:2)
  3 mummies (Ossuary)
  20 gnolls
  6 river rats (Lair:5)
  A swamp drake zombie (Crypt:2)
  6 adders
  A steam dragon skeleton (Crypt:1)
  7 white imps
  5 ufetubi
  3 adder zombies (Ossuary)
  2 worms (D:4)
  A dart slug (D:4)
  82 orcs
  4 ball pythons
  7 endoplasms
  3 giant cockroaches
  11 goblins
  15 hobgoblins
  20 jackals
  16 kobolds
  3 quokkas
  10 bats
  3 frilled lizards
  A frilled lizard skeleton (Crypt:1)
  2 goblin zombies (Ossuary)
  4 hobgoblin zombies (Ossuary)
  3 kobold zombies (Ossuary)
  3 quokka zombies (Ossuary)
  11 rats
  2 rat zombies (Ossuary)
  2 fire vortices (Hell)
  2 lurking horrors (Abyss:4)
  9 starspawn tentacles
2799 creatures vanquished.

Vanquished Creatures (collateral kills)
  A lich (Crypt:3)
  A deep elf blademaster (Elf:3)
  A tentacled starspawn (Abyss:4)
  A draconian knight (Zot:1)
  A deep elf sorcerer (Elf:3)
  A deep elf annihilator (Elf:3)
  A deep elf death mage (Elf:3)
  2 hell knights (Hell)
  A wizard (Elf:3)
  A deep elf zephyrmancer (Elf:3)
  2 necromancers (Hell)
  2 orc sorcerers (Orc:2)
  A stone giant zombie (Hell)
  A flying skull (Crypt:3)
  A small abomination (Abyss:4)
  An orc warrior (Orc:2)
  An orc priest (Orc:2)
20 creatures vanquished.

Vanquished Creatures (others)
  A shard shrike (Coc:2)
  A titan (Vaults:5)
  A deep elf master archer (Elf:3)
  2 tentacled starspawn
  A deep elf sorcerer (Depths:4)
  A wendigo (Coc:2)
  A vault guard (Vaults:5)
  A merfolk aquamancer (Shoals:4)
  A wizard (Depths:3)
  A deep elf pyromancer (Elf:1)
  A wolf spider (Spider:2)
  2 deep elf zephyrmancers (Elf:2)
  A rime drake (IceCv)
  A jumping spider (Spider:2)
  A flying skull (Crypt:3)
  A wraith (Crypt:3)
  An orc warrior (Vaults:5)
  A naga simulacrum (Coc:2)
  An orc (Vaults:5)
  A butterfly (Depths:4)
  2 foxfires (Abyss:2)
  28 fungi
  A lurking horror (Abyss:4)
  135 plants
  14 starspawn tentacles
202 creatures vanquished.

Grand Total: 3021 creatures vanquished

Notes
Turn   | Place    | Note
-------+----------+-------------------------------------------
     0 | D:1      | sankara the Minotaur Fighter began the quest for the Orb.
     0 | D:1      | Reached XP level 1. HP: 19/19 MP: 0/0
   167 | D:1      | Reached XP level 2. HP: 22/27 MP: 1/1
   445 | D:1      | Reached XP level 3. HP: 28/33 MP: 2/2
  1125 | D:2      | Reached XP level 4. HP: 22/40 MP: 3/3
  1778 | D:2      | Found a faded altar of an unknown god.
  2184 | D:3      | Found a hide-covered altar of Uskayaw.
  2235 | D:3      | Identified the +12 plate armour of Xijuett {rElec MP+9
                  | Int+4}
  2373 | D:4      | Noticed a black bear
  2389 | D:4      | Killed a black bear
  2390 | D:4      | Reached XP level 5. HP: 45/47 MP: 4/4
  2544 | D:4      | Noticed Edmund
  2544 | D:4      | Noticed a phantom
  2547 | D:4      | Reached skill level 5 in Axes
  2570 | D:4      | Killed a phantom
  2571 | D:4      | Reached XP level 6. HP: 14/55 MP: 5/5
  2574 | D:4      | Killed Edmund
  2575 | D:4      | Reached skill level 5 in Fighting
  2575 | D:4      | Reached skill level 5 in Armour
  2575 | D:4      | Reached skill level 5 in Shields
  2915 | D:4      | Found a broken altar of Ashenzari.
  2938 | D:4      | Noticed Ijyb
  2946 | D:4      | Killed Ijyb
  2947 | D:4      | Reached XP level 7. HP: 36/61 MP: 6/6
  3397 | D:4      | Identified the +1 cloak of Qazlal's Pride {rF+ rC- Will+
                  | Str+3}
  3480 | D:4      | Noticed Menkaure
  3496 | D:4      | Killed Menkaure
  3825 | D:5      | Entered Level 5 of the Dungeon
  4286 | D:5      | Reached XP level 8. HP: 67/71 MP: 7/7
  4293 | D:5      | Found a sand-covered staircase.
  4297 | Ossuary  | Entered an ossuary
  4545 | D:5      | Found a radiant altar of Vehumet.
  4545 | D:5      | Found an ancient bone altar of Kikubaaqudgha.
  4545 | D:5      | Found a snail-covered altar of Cheibriados.
  4718 | D:5      | Found a shimmering altar of Xom.
  6158 | D:6      | Found a sacrificial altar of Ru.
  6165 | D:6      | Reached skill level 10 in Axes
  6171 | D:6      | Became a worshipper of Ru the Awakened
  6178 | D:6      | Reached XP level 9. HP: 80/80 MP: 8/8
  6419 | D:7      | Found a staircase to the Ecumenical Temple.
  6628 | Temple   | Entered the Ecumenical Temple
  6680 | Temple   | Fell from the grace of Ru
  6680 | Temple   | Became a worshipper of Gozag Ym Sagoz the Greedy
  7053 | D:7      | Found an iron altar of Okawaru.
  7187 | D:7      | Found a stormy altar of Qazlal.
  7340 | D:7      | Found a glowing silver altar of Zin.
  8208 | D:8      | Noticed a two-headed ogre
  8216 | D:8      | Killed a two-headed ogre
  8217 | D:8      | Reached XP level 10. HP: 71/91 MP: 9/9
  8587 | D:8      | Found Zied's Armour Shop.
  8715 | D:8      | You are sucked into a shaft and drop 3 floors!
  8787 | D:11     | Noticed a cyclops
  8806 | D:11     | Killed a cyclops
  8807 | D:11     | Reached skill level 10 in Fighting
  8807 | D:11     | Reached skill level 10 in Armour
  9121 | D:10     | Entered Level 10 of the Dungeon
  9280 | D:9      | Found a flagged portal.
  9308 | Bailey   | Entered a bailey
  9601 | Bailey   | Noticed an orc knight
  9622 | Bailey   | Killed an orc knight
  9623 | Bailey   | Reached XP level 11. HP: 76/99 MP: 10/10
 10279 | D:9      | Reached skill level 1 in Dodging
 10531 | D:9      | Reached skill level 1 in Throwing
 10605 | D:9      | Identified the ring of Qobbell {Fire rElec MP+9 Dex+4
                  | Stlth-}
 10700 | D:9      | Reached skill level 1 in Evocations
 10739 | D:9      | Found a burning altar of Makhleb.
 10861 | D:9      | Noticed Amaemon
 10870 | D:9      | Killed Amaemon
 11062 | D:10     | Found a staircase to the Orcish Mines.
 11107 | D:10     | Found a sparkling altar of Nemelex Xobeh.
 11186 | D:10     | Noticed a two-headed ogre
 11196 | D:10     | Killed a two-headed ogre
 11327 | D:10     | Noticed a two-headed ogre
 11340 | D:10     | Killed a two-headed ogre
 11769 | D:10     | Found a staircase to the Lair.
 11845 | D:10     | Reached skill level 15 in Axes
 12205 | Lair:1   | Entered Level 1 of the Lair of Beasts
 12222 | Lair:1   | Identified the +1 leather armour of the Abyss {Will- Dex+6}
 12222 | Lair:1   | Noticed a six-headed hydra
 12238 | Lair:1   | Killed a one-headed hydra
 12691 | Lair:1   | Noticed a four-headed hydra
 12697 | Lair:1   | Killed a one-headed hydra
 12702 | Lair:1   | Reached XP level 12. HP: 24/110 MP: 11/11
 13906 | Lair:2   | Found a hole to the Spider Nest.
 14319 | Lair:2   | Noticed a boulder beetle
 14339 | Lair:2   | Killed a boulder beetle
 14340 | Lair:2   | Reached skill level 5 in Throwing
 14439 | Lair:2   | Noticed Yolobob's ghost (journeyman OgBe)
 14465 | Lair:2   | Found a transporter.
 14476 | Lair:2   | Found a one-way gate to the infinite horrors of the Abyss.
 14502 | Lair:2   | Found a transporter.
 14602 | Lair:2   | Noticed a death yak
 14620 | Lair:2   | Killed a death yak
 15066 | Lair:3   | Found a staircase to the Shoals.
 15240 | Lair:3   | Reached skill level 5 in Dodging
 15605 | Lair:3   | Got Ovusm's Textbook on the Vapourous Inferno
 15789 | Lair:4   | Reached XP level 13. HP: 109/122 MP: 12/12
 15806 | Lair:4   | Found a gate leading to a gauntlet.
 15823 | Gauntlet | Entered a Gauntlet
 15823 | Gauntlet | Found a transporter.
 15823 | Gauntlet | Found a transporter.
 15823 | Gauntlet | Found a transporter.
 15856 | Gauntlet | Found a transporter.
 15868 | Gauntlet | Found a transporter.
 15870 | Gauntlet | Found a transporter.
 15889 | Gauntlet | Found a transporter.
 15899 | Gauntlet | Noticed a blizzard demon
 15902 | Gauntlet | Found a transporter.
 15917 | Gauntlet | Found a transporter.
 15920 | Gauntlet | Found a transporter.
 15933 | Gauntlet | Found a transporter.
 15935 | Gauntlet | Found a transporter.
 16088 | Gauntlet | Identified the +0 cloak of the Haunted Cricket {rC+++
                  | Regen+ Dex+4 Stlth+}
 16175 | Gauntlet | Killed a blizzard demon
 16187 | Gauntlet | Identified the ring "Icsim" {*Corrode EV+4 Str+4 Int+2
                  | Slay+3}
 16224 | Gauntlet | Noticed a minotaur
 16237 | Gauntlet | Killed a minotaur
 16934 | Lair:4   | Paralysed by a floating eye for 4 turns
 17153 | Lair:5   | Entered Level 5 of the Lair of Beasts
 17402 | Lair:5   | Found a staircase to the Slime Pits.
 18208 | Lair:5   | Reached XP level 14. HP: 117/133 MP: 13/13
 18656 | Lair:5   | Reached skill level 15 in Armour
 18675 | Lair:5   | Reached skill level 15 in Fighting
 19433 | D:11     | Got Dudweir's Octavo of Death
 19581 | D:11     | Noticed Nergalle
 19591 | D:11     | Killed Nergalle
 20346 | Orc:1    | Entered Level 1 of the Orcish Mines
 20426 | Orc:1    | Noticed an orc warlord
 20552 | Orc:1    | Killed an orc warlord
 20553 | Orc:1    | Reached skill level 10 in Throwing
 20806 | Orc:2    | Entered Level 2 of the Orcish Mines
 20891 | Orc:2    | Noticed Nessos
 21025 | Orc:2    | Killed Nessos
 21143 | Orc:2    | Noticed Sonja
 21152 | Orc:2    | Killed Sonja
 21216 | Orc:2    | Found a staircase to the Elven Halls.
 21288 | Orc:2    | Found Ymuizeak's Magic Scroll Boutique.
 21288 | Orc:2    | Found Oshiaf's Antique Armour Shoppe.
 21298 | Orc:2    | Paralysed by something for 5 turns
 21335 | Orc:2    | Found Rulonif's General Store.
 21335 | Orc:2    | Found Teliy's Antique Armour Shoppe.
 21357 | Orc:2    | Reached XP level 15. HP: 128/147 MP: 14/14
 21408 | Orc:2    | Bought a scroll of fear for 56 gold pieces
 21410 | Orc:2    | Bought a potion of curing for 36 gold pieces
 21410 | Orc:2    | Bought a scroll of teleportation for 36 gold pieces
 21410 | Orc:2    | Bought a potion of curing for 36 gold pieces
 21711 | Orc:1    | Noticed an orc warlord
 21734 | Orc:1    | Killed an orc warlord
 21918 | D:13     | Noticed Kirke
 22121 | D:13     | Killed Kirke
 22227 | D:13     | Noticed Jorgrun
 22246 | D:13     | Killed Jorgrun
 22303 | D:13     | Noticed Snorg
 22310 | D:13     | Killed Snorg
 23057 | D:14     | Found a gate to the Vaults.
 23836 | D:15     | Entered Level 15 of the Dungeon
 23839 | D:15     | Found Ada Fuxt's Distillery.
 23863 | D:15     | Bought a potion of magic for 96 gold pieces
 23863 | D:15     | Bought 2 potions of heal wounds for 120 gold pieces
 23863 | D:15     | Bought a potion of curing for 36 gold pieces
 23863 | D:15     | Bought 2 potions of might for 96 gold pieces
 23863 | D:15     | Bought 2 potions of curing for 72 gold pieces
 23875 | D:15     | Found a frozen archway.
 23897 | IceCv    | Entered an ice cave
 24504 | IceCv    | Noticed a frost giant
 24504 | IceCv    | Noticed a frost giant
 24536 | IceCv    | Killed a frost giant
 24537 | IceCv    | Reached XP level 16. HP: 160/160 MP: 15/15
 25396 | Lair:1   | Bought the amulet "Goschayna" {Rampage Regen+ Int+3} for
                  | 649 gold pieces
 25424 | Lair:1   | Bought a translucent lapis lazuli ring for 95 gold pieces
 25424 | Lair:1   | Identified the ring of Fonyq Gywewi {rC+ EV+4 Str+3} (You
                  | bought it in a shop on level 1 of the Lair of Beasts)
 25446 | Lair:1   | Bought the ring "Vineryki" {rPois MP+9 Dex-2 Slay+5 Stlth+}
                  | for 508 gold pieces
 25495 | Lair:1   | Bought a +0 buckler of fire resistance for 149 gold pieces
 25495 | Lair:1   | Bought a scroll of teleportation for 39 gold pieces
 25495 | Lair:1   | Bought a scroll of teleportation for 39 gold pieces
 25603 | D:15     | Found a staircase to the Depths.
 26432 | Spider:1 | Entered Level 1 of the Spider Nest
 27555 | Spider:2 | Noticed Asterion
 27571 | Spider:2 | Noticed an Executioner
 27572 | Spider:2 | Reached skill level 5 in Evocations
 27579 | Spider:2 | Killed Asterion
 27777 | Spider:2 | Found a runed translucent gate.
 27777 | Spider:2 | Found a runed translucent gate.
 27777 | Spider:2 | Found a runed translucent gate.
 27778 | Spider:2 | Noticed Ojahapt's ghost (journeyman MeEE)
 28006 | Spider:2 | Found the +5 glaive of the Guard {elec, spectral, AC+5}
 28026 | Spider:2 | Reached XP level 17. HP: 153/164 MP: 16/16
 28449 | Spider:2 | Killed Ojahapt's ghost
 28520 | Spider:3 | Noticed Agnes
 28527 | Spider:3 | Killed Agnes
 28679 | Spider:3 | Noticed Louise
 28685 | Abyss:2  | Cast into level 2 of the Abyss (Louise)
 28799 | Abyss:2  | Noticed an ancient lich
 28815 | Abyss:2  | Killed an ancient lich
 28935 | Spider:3 | Escaped the Abyss
 28944 | Spider:3 | Killed Louise
 29877 | Spider:4 | Entered Level 4 of the Spider Nest
 29938 | Spider:4 | Reached skill level 10 in Dodging
 30682 | Spider:4 | Got a gossamer rune of Zot
 30811 | Lair:1   | Bought a potion of curing for 36 gold pieces
 30857 | Shoals:1 | Entered Level 1 of the Shoals
 31197 | Lair:1   | Learned a level 2 spell: Blink
 31259 | Lair:2   | Killed Yolobob's ghost
 31714 | Shoals:1 | Reached skill level 1 in Translocations
 31714 | Shoals:1 | Reached XP level 18. HP: 170/180 MP: 17/17
 32007 | Shoals:2 | Found a flickering gateway to a bazaar.
 32020 | Bazaar   | Entered a bazaar
 32020 | Bazaar   | Found Wuiblu Guwa's Armour Emporium.
 32032 | Bazaar   | Found Sadyn's Armour Emporium.
 32043 | Bazaar   | Found Hutiez's Antique Armour Shoppe.
 32048 | Bazaar   | Found Cewn's Antique Weapon Shoppe.
 32053 | Bazaar   | Found Kobas's Jewellery Emporium.
 32083 | Bazaar   | Bought +2 pearl dragon scales for 758 gold pieces
 34094 | Shoals:3 | Identified the +0 pair of gloves of Goles {Regen+ Int-2
                  | Dex+4}
 34222 | Shoals:4 | Entered Level 4 of the Shoals
 34527 | Shoals:4 | Found a runed translucent door.
 34528 | Shoals:4 | Found a shimmering altar of Xom.
 34528 | Shoals:4 | Noticed pyryhyry's ghost (journeyman GrGl)
 34575 | Shoals:4 | Got a barnacled rune of Zot
 34599 | Shoals:4 | Identified the amulet of Toguil {Spirit Rampage rPois SInv}
 34986 | Shoals:4 | Killed pyryhyry's ghost
 35110 | Lair:1   | Gained mutation: You are agile. (Dex +4, Str/Int -1)
                  | [potion of mutation]
 35110 | Lair:1   | Gained mutation: Your flesh is heat resistant. (rF+)
                  | [potion of mutation]
 35110 | Lair:1   | Gained mutation: You are frail. (-10% HP) [potion of
                  | mutation]
 35111 | Lair:1   | Lost mutation: You are agile. (Dex +4, Str/Int -1) [potion
                  | of mutation]
 35111 | Lair:1   | Lost mutation: You are frail. (-10% HP) [potion of
                  | mutation]
 35111 | Lair:1   | Gained mutation: Your spells are a little easier to cast,
                  | but a little less powerful. [potion of mutation]
 35111 | Lair:1   | Gained mutation: You possess an exceptional clarity of
                  | mind. [potion of mutation]
 35214 | Vaults:1 | Entered Level 1 of the Vaults
 35430 | Abyss:3  | Cast into level 3 of the Abyss (vault warden)
 35437 | Abyss:3  | Reached XP level 19. HP: 192/192 MP: 18/18
 35554 | Abyss:3  | Reached skill level 5 in Translocations
 35751 | Vaults:1 | Escaped the Abyss
 35834 | Vaults:1 | Found a magical portal.
 35843 | WizLab   | Entered Borgnjor's Mausoleum
 36234 | WizLab   | Got the Codex of Maleficent Liturgies and Hypothermia
 36237 | WizLab   | Got the Quarto of Shadows
 36239 | WizLab   | Got Hojituf's Compendium of Malignant Arts
 36693 | Vaults:1 | Found Taix's Antique Armour Emporium.
 36720 | Vaults:1 | Bought a steaming plate armour for 700 gold pieces
 36720 | Vaults:1 | Identified the +1 plate armour of Lies {rF++ Dex+5 Slay-2}
                  | (You bought it in a shop on level 1 of the Vaults)
 37129 | Vaults:1 | Noticed Zenata
 37141 | Vaults:1 | Killed Zenata
 37487 | Vaults:1 | Reached XP level 20. HP: 206/206 MP: 19/19
 38042 | Vaults:2 | Found a staircase to the Crypt.
 39086 | Vaults:3 | Identified the +7 chain mail of Muttered Phrases {+Blink
                  | rF+}
 39243 | Vaults:3 | Found Ogapaf's Antique Weapon Shoppe.
 40078 | Vaults:4 | Reached XP level 21. HP: 138/220 MP: 20/20
 40263 | Vaults:4 | Noticed Mennas
 40364 | Vaults:4 | Reached skill level 1 in Spellcasting
 40964 | Vaults:4 | Reached skill level 5 in Spellcasting
 41197 | Vaults:4 | Killed Mennas
 41579 | Depths:1 | Entered Level 1 of the Depths
 41847 | Depths:1 | Noticed a golden dragon
 41855 | Depths:1 | Killed a golden dragon
 41864 | Depths:1 | Learned a level 5 spell: Manifold Assault
 41888 | Depths:1 | Identified the +8 flail of Hymedgh {elec, *Corrode Fly rC+
                  | rN++}
 41888 | Depths:1 | Identified the ring of Viha {rF+ Int-4 Dex+4 SInv}
 41959 | Depths:1 | Found a gateway to Hell.
 41971 | Depths:1 | Found a runed translucent door.
 42533 | Depths:2 | You fall into a shaft and drop 1 floor!
 42837 | Depths:3 | Reached skill level 15 in Dodging
 42839 | Depths:3 | Reached XP level 22. HP: 207/228 MP: 31/31
 42904 | Depths:3 | Found a one-way gateway to a ziggurat.
 42923 | Depths:3 | Gained mutation: Your body sometimes deteriorates upon
                  | taking damage. [a shining eye]
 42924 | Depths:3 | Gained mutation: Your spells are easier to cast, but less
                  | powerful. [a shining eye]
 43261 | Depths:2 | Found a runed translucent gate.
 43261 | Depths:2 | Found a runed translucent gate.
 43261 | Depths:2 | Found a runed translucent gate.
 43261 | Depths:2 | Noticed Poanarph's ghost (veteran GrVM)
 43465 | Depths:2 | Paralysed by a vampire knight for 4 turns
 43490 | Depths:2 | Identified the ring of Beucvu {rPois rC- rN+ Str+2 Dex+8}
 43560 | Depths:2 | Paralysed by a floating eye for 4 turns
 43843 | Lair:1   | Lost mutation: Your flesh is heat resistant. (rF+) [potion
                  | of mutation]
 43843 | Lair:1   | Lost mutation: You possess an exceptional clarity of mind.
                  | [potion of mutation]
 43843 | Lair:1   | Gained mutation: You are strong-willed. (Will+) [potion of
                  | mutation]
 43843 | Lair:1   | Gained mutation: You are highly strong-willed. (Will++)
                  | [potion of mutation]
 43843 | Lair:1   | Gained mutation: Your muscles are strong. (Str +4, Int/Dex
                  | -1) [potion of mutation]
 43844 | Lair:1   | Lost mutation: Your muscles are strong. (Str +4, Int/Dex
                  | -1) [potion of mutation]
 43844 | Lair:1   | Lost mutation: Your body sometimes deteriorates upon taking
                  | damage. [potion of mutation]
 43844 | Lair:1   | Lost mutation: Your spells are easier to cast, but less
                  | powerful. [potion of mutation]
 43844 | Lair:1   | Gained mutation: You have a pair of large horns on your
                  | head. [potion of mutation]
 44407 | Depths:2 | Reached skill level 15 in Throwing
 44738 | Depths:2 | Found a one-way gate leading to the halls of Pandemonium.
 44744 | Depths:2 | Gained mutation: You are frail. (-10% HP) [a cacodemon]
 44877 | Depths:2 | Found the +3 hat of Pondering {ponderous, Will+ MP+10
                  | Int+5}
 45022 | Depths:2 | Killed Poanarph's ghost
 45082 | Depths:3 | Noticed Sojobo
 45102 | Depths:3 | Killed Sojobo
 45462 | Depths:4 | Entered Level 4 of the Depths
 45482 | Depths:4 | Noticed a golden dragon
 45496 | Depths:4 | Killed a golden dragon
 45589 | Depths:4 | Reached XP level 23. HP: 212/212 MP: 32/32
 45715 | Depths:4 | Noticed Saint Roka
 45732 | Depths:4 | Killed Saint Roka
 45812 | Depths:4 | Found a gate to the Realm of Zot.
 46008 | Depths:4 | Found a white marble altar of Elyvilon.
 46199 | Depths:4 | Noticed an ancient lich
 46217 | Depths:4 | Killed an ancient lich
 46273 | Depths:4 | Got the Folio of the Mountains and the Arsonist
 46355 | Depths:4 | Found Fosemag's Weapon Boutique.
 47021 | Vaults:5 | Entered Level 5 of the Vaults
 47048 | Vaults:5 | Noticed a dread lich
 47076 | Vaults:5 | Killed a dread lich
 47091 | Vaults:5 | Identified the +1 flail "Apsidesaa" {venom, +Blink rPois
                  | rF++ Dex-2}
 47093 | Vaults:5 | Noticed an ancient lich
 47099 | Vaults:5 | Reached skill level 1 in Stealth
 47153 | Vaults:5 | Killed an ancient lich
 47236 | Vaults:5 | Identified the ring of Fixation {MP+9 Str+4 Int+6 Slay+3}
 47273 | Vaults:5 | Reached XP level 24. HP: 198/220 MP: 34/34
 47275 | Vaults:5 | Reached skill level 5 in Stealth
 47427 | Vaults:5 | Identified the +1 war axe of Suwn {drain, *Corrode +Blink
                  | rPois Dex+4}
 47427 | Vaults:5 | Identified the ring of Kaxiskec {*Corrode rN+ Int+5 Dex+6}
 47441 | Vaults:5 | Identified the ring of Tereat {*Corrode rElec rN+ Will+
                  | Str+4}
 47446 | Vaults:5 | Got a silver rune of Zot
 47662 | Vaults:5 | Identified the +3 chain mail "Wegethyo" {rPois MP-9 Stlth+}
 47734 | Vaults:5 | Identified the +10 halberd "Desok" {flame, Str+3 Dex+3}
 47775 | Vaults:5 | Got the Handbook of Geology and Glaciation
 47875 | Vaults:5 | Identified the +7 battleaxe "Peedded" {venom, *Noise
                  | *Corrode Will+++ SInv}
 47897 | Vaults:5 | Killed a dread lich
 48011 | Vaults:5 | Got Ceum's Directory of Shapes and the Compass
 48216 | Vaults:5 | Identified the ring "Vixzuros" {Ice Dex+4}
 49180 | Lair:1   | Bought the ring "Tyjofip" {rElec EV+4 Str+8 Dex+2 Stlth+}
                  | for 738 gold pieces
 49262 | Elf:1    | Entered Level 1 of the Elven Halls
 49323 | Elf:1    | Reached skill level 1 in Necromancy
 50142 | Elf:2    | Reached skill level 5 in Necromancy
 50233 | Elf:2    | Reached skill level 10 in Spellcasting
 50368 | Elf:2    | Got Ts'ui Pên's Grimoire of Forking Paths
 50516 | Elf:2    | Found Moiryx's General Store.
 50524 | Elf:2    | Bought a potion of invisibility for 112 gold pieces
 50524 | Elf:2    | Bought a scroll of fear for 56 gold pieces
 50524 | Elf:2    | Bought a potion of mutation for 112 gold pieces
 50646 | Elf:2    | Found a runed translucent gate.
 50647 | Elf:2    | Found a runed translucent gate.
 50647 | Elf:2    | Found a runed translucent gate.
 50749 | Elf:2    | Learned a level 4 spell: Dispel Undead
 50752 | Elf:2    | Learned a level 2 spell: Sublimation of Blood
 50833 | Elf:2    | Learned a level 6 spell: Death Channel
 50839 | Elf:2    | Learned a level 5 spell: Borgnjor's Vile Clutch
 51114 | Elf:3    | Entered Level 3 of the Elven Halls
 51145 | Elf:3    | Identified the +2 cloak of the Imp {rF+ Str+4}
 51195 | Elf:3    | Reached skill level 10 in Necromancy
 51721 | Elf:3    | Reached XP level 25. HP: 170/227 MP: 36/36
 51949 | Elf:3    | Identified the +7 spear "Beetlebane" {elec, rElec rCorr
                  | Stlth+}
 51951 | Elf:3    | Identified the ring "Ziokhlu" {*Slow rElec rF+ Str+6 Int+2
                  | Dex+3}
 51974 | Elf:3    | Identified the ring of Tomac {rN+ Str+4}
 51981 | Elf:3    | Identified the +1 long sword "Roagymym" {flame, Will+
                  | rCorr}
 51998 | Elf:3    | Identified the +7 scale mail of the Sea {rElec rCorr Str+10
                  | Dex-3}
 52010 | Elf:3    | Identified the +0 rapier "Moeghar" {vorpal, Str+2}
 52096 | Elf:3    | Identified the +6 broad axe "Ucwun" {venom, Str+10}
 52964 | Lair:1   | Bought 2 silver javelins for 110 gold pieces
 52964 | Lair:1   | Bought a scroll of teleportation for 69 gold pieces
 52969 | Lair:1   | Bought a faintly glowing war axe for 408 gold pieces
 52969 | Lair:1   | Identified the +8 war axe "Inumos" {vorpal, Fly Int+3 SInv}
                  | (You bought it in a shop on level 1 of the Lair of Beasts)
 53021 | Lair:2   | Voluntarily entered the Abyss.
 53029 | Abyss:3  | Found a corrupted altar of Lugonu.
 53033 | Abyss:4  | Found a corrupted altar of Lugonu.
 53080 | Abyss:4  | Noticed an ancient lich
 53091 | Abyss:4  | Killed an ancient lich
 53582 | Abyss:4  | Gained mutation: Armour fits poorly on your strangely
                  | shaped body. [a neqoxec]
 53664 | Abyss:4  | Gained mutation: Your spells are easier to cast, but less
                  | powerful. [a neqoxec]
 53798 | Abyss:4  | Gained mutation: You are very frail. (-20% HP) [a neqoxec]
 53812 | Abyss:4  | Paralysed by accursed screaming for 1 turns
 53818 | Abyss:4  | Paralysed by accursed screaming for 1 turns
 53821 | Lair:2   | Escaped the Abyss
 53925 | Lair:2   | Learned a level 1 spell: Apportation
 53926 | Lair:2   | Voluntarily entered the Abyss.
 53973 | Abyss:5  | Found a corrupted altar of Lugonu.
 54008 | Abyss:5  | Reached skill level 1 in Earth Magic
 54039 | Abyss:5  | Got an abyssal rune of Zot
 54079 | Abyss:5  | Found a corrupted altar of Lugonu.
 54132 | Abyss:5  | Reached skill level 15 in Necromancy
 54193 | Lair:2   | Escaped the Abyss
 54269 | Lair:1   | Lost mutation: Armour fits poorly on your strangely shaped
                  | body. [potion of mutation]
 54269 | Lair:1   | Lost mutation: You have a pair of large horns on your head.
                  | [potion of mutation]
 54269 | Lair:1   | Lost mutation: Your spells are easier to cast, but less
                  | powerful. [potion of mutation]
 54269 | Lair:1   | Gained mutation: You passively map a small area around you.
                  | [potion of mutation]
 54269 | Lair:1   | Gained mutation: You expend magic power (3 MP) to
                  | strengthen your wands. [potion of mutation]
 54269 | Lair:1   | Gained mutation: You are partially covered in iridescent
                  | scales. (AC +2) [potion of mutation]
 54270 | Lair:1   | Lost mutation: You are very frail. (-20% HP) [potion of
                  | mutation]
 54270 | Lair:1   | Lost mutation: You expend magic power (3 MP) to strengthen
                  | your wands. [potion of mutation]
 54270 | Lair:1   | Lost mutation: You are frail. (-10% HP) [potion of
                  | mutation]
 54270 | Lair:1   | Gained mutation: You are mostly covered in iridescent
                  | scales. (AC +4) [potion of mutation]
 54270 | Lair:1   | Gained mutation: You have large cloven feet. [potion of
                  | mutation]
 54270 | Lair:1   | Gained mutation: You expend magic power (3 MP) to
                  | strengthen your wands. [potion of mutation]
 54274 | Lair:1   | Learned a level 2 spell: Passwall
 54427 | Crypt:1  | Entered Level 1 of the Crypt
 54617 | Crypt:1  | Identified the +2 plate armour of the Quahog {Contam rCorr
                  | Str+3}
 54638 | Crypt:1  | Reached skill level 5 in Earth Magic
 54958 | Crypt:1  | Noticed Jory
 54983 | Crypt:1  | Killed Jory
 55377 | Crypt:2  | Noticed Xtahua
 55383 | Crypt:2  | Killed Xtahua
 55497 | Crypt:2  | Reached XP level 26. HP: 261/261 MP: 36/36
 55555 | Crypt:2  | Noticed Bai Suzhen
 55570 | Crypt:2  | Killed Bai Suzhen
 56201 | Crypt:3  | Entered Level 3 of the Crypt
 56220 | Crypt:3  | Noticed Margery
 56243 | Crypt:3  | Killed Margery
 56473 | Crypt:3  | Found an ancient bone altar of Kikubaaqudgha.
 56723 | Crypt:3  | Identified the ring of the Sparrow {rN+ rCorr SInv}
 56723 | Crypt:3  | Identified the ring "Heus" {rN+ Int+6 Slay+3}
 56962 | Crypt:3  | Found a staircase to the Tomb.
 56962 | Crypt:3  | Noticed an ancient lich
 56980 | Crypt:3  | Killed an ancient lich
 57132 | Crypt:3  | Found the +9 staff of Wucad Mu {*channel}
 57770 | Hell     | Entered the Vestibule of Hell
 57770 | Hell     | Noticed Geryon
 57792 | Hell     | Killed Geryon
 57850 | Hell     | Found a gateway to the freezing wastes of Cocytus.
 57954 | Hell     | Found a gateway to the decaying netherworld of Tartarus.
 58333 | Hell     | Found a gateway to the ashen valley of Gehenna.
 58418 | Hell     | Found a gateway to the Iron City of Dis.
 58500 | Coc:1    | Entered Level 1 of Cocytus
 58735 | Hell     | Learned a level 8 spell: Borgnjor's Revivification
 58866 | Zot:1    | Entered Level 1 of the Realm of Zot
 58882 | Zot:1    | Reached XP level 27. HP: 256/269 MP: 8/36
 59054 | Zot:1    | Noticed Parghit
 59103 | Depths:4 | Killed from afar by a black draconian knight

Illustrated notes

Levels and vault maps discovered:
D:1:      saegor_arrival_simple_d, layout_basic
D:2:      layout_loops_ring, hellmonk_ecumenical_altar_inner_sanctum
D:3:      layout_rooms, eat_drink_and_be_merry_uskayaw
D:4:      layout_gridville, ashenzari_altar_1, wad_orctagon, uniq_edmund,
          uniq_menkaure, uniq_ijyb
D:5:      layout_loops_ring, led_xom_imps, gammafunk_temple_overflow_claw,
          lightli_ossuary_entry_decrepit_ruins, serial_rivers,
          chequers_serial_rivers_small_3, chequers_serial_rivers_room_b,
          chequers_serial_rivers_micro_e, chequers_serial_rivers_large_b,
          chequers_serial_rivers_micro_a
D:6:      layout_loops_ring, nicolae_ru_great_annihilating_truth
D:7:      kennysheep_housing_project, layout_loops_ring, okawaru_gym_becter,
          nicolae_overflow_hidden_temple, minmay_temple_entry_slanted
D:8:      layout_loops_corners, serial_shops, nicolae_shop_trees
D:9:      layout_irregular_city, demons_altar, enter_bailey_5, uniq_amaemon
D:10:     kennysheep_spiral_hall, layout_irregular_city,
          nemelex_xobeh_ov_fountains_minmay, grunt_lair_entry_orc_guard_hut
D:11:     layout_basic, uniq_nergalle
D:12:     layout_roguey
D:13:     layout_stronghold, serial_bayou_lagoon_b, uniq_kirke, uniq_snorg,
          uniq_jorgrun
D:14:     layout_roguey, skrybe_vaults_entry_preservation, minmay_misc_feat_tiny
D:15:     grunt_enter_depths_giant_problem, layout_grid_maze, serial_shops,
          nicolae_shop_hallway_plus, nicolae_figureground_sparkle,
          portal_ice_cave_entry_dragon
Temple:   nicolae_temple_ecumenical_triangle
Lair:1:   layout_gridlike, grunt_forest_large_clearings, grunt_megastairs_3
Lair:2:   layout_cave_pods, spider_nest_entry_rubble,
          gammafunk_ghost_abyssal_escape, serial_bayou_shore_a,
          serial_bayou_shore_b
Lair:3:   layout_gridlike, minmay_shoals_entry_lonely_mermaid
Lair:4:   layout_layer_cave, gauntlet_entry_generic, disabler_island
Lair:5:   hangedman_lair_caniforms_friends, layout_cave_pods, slime_entry_1,
          kennysheep_abandoned_house
Shoals:1: layout_shoals
Shoals:2: cheibrodos_shoals_gigantism, layout_shoals, serial_shops,
          bzr_entry_water
Shoals:3: layout_shoals, nicolae_shoals_lost_giant_temple
Shoals:4: shoals_end_simple, layout_shoals, ebering_ghost_xom
Spider:1: layout_spider_delve
Spider:2: layout_spider_delve, ebering_ghost_rock_garden,
          nicolae_spider_undead_wolf_pack, hangedman_spider_tarantella_strand,
          uniq_asterion
Spider:3: layout_chambers, worms_lemuel, uniq_agnes, uniq_louise
Spider:4: hellmonk_spider_rune_endless_swarm, guppyfry_spider_mini_2
Orc:1:    layout_diamond_mine
Orc:2:    st_orc_ogre_mass, layout_diamond_mine, nicolae_orc_tapped_out,
          uniq_sonja, uniq_nessos
Elf:1:    nicolae_elf_arrival_fired_up, layout_gridlike, hangedman_elf_represent
Elf:2:    nicolae_elf_blades_splatter_lattice [nicolae_blade_tridents],
          layout_geoelf_diagonals, serial_shops, shop,
          bh_hangedman_babel_library
Elf:3:    minmay_elf_hall, layout_loops_ring, special_room
          [special_room_mythical_zoo], grunt_megastairs_2
Vaults:1: mu_enter_wizlab_4, v_misc_22, hangedman_vaults_slice,
          vaults_room_grid, nicolae_vaults_rhombus_5, ontoclasm_vaults_tryst,
          v_alt_pattern_5, vaults_mumra_minichess, nicolae_vaults_gold_heap,
          nicolae_vaults_border_crossing, hangedman_vaults_impose,
          grunt_vaults_hallway_long, vaults_room_pools, v_misc_14,
          vaults_room_octagon, vaults_room_pool,
          nicolae_vaults_ring_of_whatevers, ontoclasm_vaults_shuriken,
          v_rooms_4, v_rooms_3, nicolae_vaults_diagonal_hallway_8,
          layout_vaults_omnibox, serial_shops, shop, uniq_zenata
Vaults:2: v_misc_24, v_pattern_1, serial_ice_g, hangedman_vaults_stitches,
          ontoclasm_vaults_gateway, nicolae_vaults_shelves_hall,
          vaults_room_corners, vaults_room_pool, layout_vaults_chaotic_city,
          dummy_crypt_entry
Vaults:3: nicolae_vaults_triangles, special_room_vaults [special_room_orc],
          grunt_vaults_bifocal, v_alt_pattern_4, ontoclasm_vaults_chip,
          vaults_mumra_minichess_inversion, nicolae_vaults_little_ls, v_misc_13,
          v_misc_14, vaults_dpeg_cross, hangedman_vaults_capsules,
          vaults_room_boxed, nicolae_vaults_three_branches, v_misc_19,
          layout_vaults_maze_bifur, serial_shops,
          nicolae_shop_overgrown_old_shop
Vaults:4: v_rooms_6, nicolae_vaults_disjoint_gnomons, hangedman_vaults_nodes,
          vaults_mumra_hex, nicolae_vaults_meeting, nicolae_vaults_shelves_hall,
          grunt_vaults_hallway_short, layout_vaults_omnigrid, uniq_mennas
Vaults:5
Crypt:1:  layout_chaotic_city, minmay_misc_feat_hallway, uniq_jory
Crypt:2:  layout_gridlike, beargit_elvish_explorers, grunt_megastairs_4,
          lemuel_upstairs_altar, uniq_xtahua, uniq_bai_suzhen
Crypt:3:  grunt_crypt_end_deaths_head, uniq_margery
Depths:1: minmay_the_grid_four_pointed_star
          [minmay_the_grid_triangle_9x9_limited_checkers,
          minmay_the_grid_triangle_9x9_windchime,
          minmay_the_grid_triangle_9x9_empty,
          minmay_the_grid_triangle_9x9_corrupted_corridor,
          minmay_the_grid_prize_shrinking_boxes], layout_gridlike, hell_entry,
          abyss_entry_small_statue_room, chequers_serial_rivers_micro_e,
          minmay_hidden_floor
Depths:2: cheibrodos_spurs, layout_gridlike, rand_demon_pan_entry_5,
          serial_bayou_pond_b, biasface_ghost_demon_polymorph, hell_entry,
          kennysheep_another_room, minmay_serpent_palace
Depths:3: grunt_bruiser_brothers, layout_cave_pools, enter_ziggurat_d,
          nicolae_abyss_entry_one_way_or_another, hell_entry,
          infiniplex_staircase_pool_2, uniq_sojobo
Depths:4: grunt_zot_entry_funnels, layout_basic, special_room
          [special_room_magic_class], serial_glass, glass_columns_b,
          glass_columns_b, serial_shops, nicolae_shop_stone, hell_entry,
          nicolae_elyvilon_peaceful_grove, uniq_saint_roka
Hell
Coc:1:    layout_cocytus_delve, nicolae_coc_statues_of_limitations
Coc:2:    layout_ice_bergs
Zot:1:    layout_onion, grunt_ministairs_5, uniq_parghit

Skill      XL: |  1  2  3  4  5  6  7  8  9 10 11 12 13 14 15 16 17 18 19 20 21 22 23 24 25 26 27 |
---------------+----------------------------------------------------------------------------------+-----
Axes           | 3 4 5 6 8 10 12 14 15 16 17 18 | 18.0
Armour         | 4 5 6 7 9 10 11 13 14 17 19 20 22 24 25 26 | 26.0
Fighting       | 4 5 6 7 9 10 11 13 14 17 19 20 22 24 25 26 | 26.0
Shields        | 4 5 |  5.0
Dodging        | 3 5 7 8 11 12 15 18 22 23 24 | 24.2
Throwing       | 3 6 9 10 11 12 13 16 | 16.0
Evocations     | 3 5 |  5.0
Translocations | 1 4 5 |  5.0
Spellcasting   | 7 8 10 | 10.0
Stealth        | 4 8 |  8.0
Necromancy     | 11 15 17 | 17.0
Earth Magic    | 5 8 |  8.0

Action                   |  1- 3 |  4- 6 |  7- 9 | 10-12 | 13-15 | 16-18 | 19-21 | 22-24 | 25-27 || total
-------------------------+-------+-------+-------+-------+-------+-------+-------+-------+-------++-------
Melee: War axe           |    54 |   123 |   302 |   556 |  1019 |       |       |       |       ||  2054
       Headbutt          |     8 |    17 |    51 |   120 |   284 |   348 |   374 |   416 |   456 ||  2074
       Broad axe         |       |       |       |       |    17 |  1343 |  1254 |  1260 |  1331 ||  5205
       Unarmed           |       |       |       |       |     6 |       |       |       |       ||     6
Throw: Dart              |       |       |       |     3 |     8 |       |     8 |     3 |     5 ||    27
       Boomerang         |       |       |       |     2 |    11 |       |       |       |       ||    13
       Javelin           |       |       |       |       |     8 |       |       |       |       ||     8
 Cast: Death Channel     |       |       |       |       |       |       |       |     1 |    12 ||    13
       Borgnjor's Vile C |       |       |       |       |       |       |       |       |     3 ||     3
       Blink             |       |       |       |       |       |       |       |       |     1 ||     1
       Manifold Assault  |       |       |       |       |       |       |       |       |     1 ||     1
Invok: Potion Petition   |       |       |       |     3 |       |       |       |     1 |     2 ||     6
       Call Merchant     |       |       |       |       |       |     6 |       |       |     5 ||    11
Evoke: Piece from Xom's  |       |       |       |       |     5 |       |       |       |       ||     5
       Wand              |       |       |       |       |     1 |       |       |     2 |       ||     3
  Use: Scroll            |       |       |    12 |    14 |     5 |    10 |     1 |     7 |     2 ||    51
       Potion            |       |       |       |     1 |       |     4 |       |     7 |     3 ||    15
 Stab: Distracted        |       |       |     2 |     1 |    11 |    25 |    18 |    34 |    34 ||   125
       Invisible         |       |       |       |     1 |       |       |       |       |     5 ||     6
       Sleeping          |       |       |       |       |       |       |       |    25 |    22 ||    47
       Petrified         |       |       |       |       |       |       |       |    13 |       ||    13
       Petrifying        |       |       |       |       |       |       |       |     1 |     1 ||     2
       Confused          |       |       |       |       |       |       |       |       |     2 ||     2
Armor: Scale mail        |    16 |       |       |       |       |       |       |       |       ||    16
       Chain mail        |    17 |    44 |       |       |       |       |       |       |       ||    61
       Plate armour      |       |    75 |   168 |   411 |   604 |   738 |   473 |   320 |       ||  2789
       Pearl dragon scal |       |       |       |       |       |       |       |    83 |   390 ||   473
Dodge: Dodged            |    28 |    58 |    67 |   204 |   601 |   755 |   650 |   992 |   923 ||  4278
Block: Buckler           |    18 |    38 |    60 |   132 |   223 |   294 |   240 |   305 |   267 ||  1577
